 Dungeon Crawl Stone Soup version 0.29-a0-872-g797fff5ad1 (webtiles) character file.

Game seed: 13572372446801631106

325 lesbiats the Conjurer (level 6, -2/44 HPs)
             Began as a Gnoll Conjurer on July 19, 2022.
             Slain by an orc warrior
             ... wielding a +0 hand axe
              (14 damage)
             ... on level 3 of the Dungeon.
             The game lasted 00:12:11 (4217 turns).

lesbiats the Conjurer (Gnoll Conjurer)              Turns: 4217, Time: 00:12:12

Health: -2/44      AC:  5    Str:  7    XL:     6   Next: 48%
Magic:  6/14       EV: 12    Int: 19    God:
Gold:   245        SH:  0    Dex: 10    Spells: 12/15 levels left

rFire   . . .      SeeInvis .   q - +4 quarterstaff (chaos)
rCold   . . .      Faith    .   (shield currently unavailable)
rNeg    . . .      Spirit   .   j - +0 leather armour
rPois   .          Reflect  .   (no helmet)
rElec   .          Harm     .   r - +1 cloak {Will+}
rCorr   .          Rampage  .   (no gloves)
Will    +....                   (no boots)
Stlth   ++........              (no amulet)
HPRegen 0.14/turn               (no ring)
MPRegen 0.14/turn               (no ring)

@: no status effects
A: fangs 1, strong nose, distributed training
a: no special abilities


You were on level 3 of the Dungeon.
You visited 1 branch of the dungeon, and saw 4 of its levels.

You collected 245 gold pieces.

Inventory:

Hand Weapons
 q - a +4 quarterstaff of chaos (weapon)
Armour
 a - a +0 robe
 j - a +0 leather armour (worn)
 r - a +1 cloak of willpower (worn)
Wands
 m - a wand of roots (2)
 u - a wand of flame (23)
 v - a wand of quicksilver (13)
Scrolls
 c - a scroll of fear {unknown}
 d - a scroll of noise {unknown}
 e - 2 scrolls of identify {unknown}
 h - a scroll of blinking {unknown}
 i - a scroll of silence {unknown}
 k - 2 scrolls of vulnerability {unknown}
 l - a scroll of amnesia {unknown}
 s - a scroll of brand weapon {unknown}
Potions
 b - a potion of magic
 f - 2 potions of lignification {unknown}
 g - a potion of heal wounds
 n - 2 potions of might {unknown}
 o - a potion of attraction {unknown}
 p - a potion of curing {unknown}
 t - a potion of haste {unknown}


   Skills:
 + Level 2.1 Fighting
 + Level 2.1 Short Blades
 + Level 2.1 Long Blades
 + Level 2.1 Axes
 + Level 2.1 Maces & Flails
 + Level 2.1 Polearms
 + Level 2.1 Staves
 + Level 2.1 Ranged Weapons
 + Level 2.1 Throwing
 + Level 2.1 Armour
 + Level 5.0 Dodging
 + Level 4.6 Stealth
 + Level 2.1 Shields
 + Level 2.1 Unarmed Combat
 + Level 5.4 Spellcasting
 + Level 7.3 Conjurations
 + Level 1.6 Hexes
 + Level 1.6 Summonings
 + Level 1.6 Necromancy
 + Level 1.6 Translocations
 + Level 1.6 Transmutations
 + Level 1.6 Fire Magic
 + Level 1.6 Ice Magic
 + Level 1.6 Air Magic
 + Level 1.6 Earth Magic
 + Level 1.6 Poison Magic
 + Level 2.3 Invocations
 + Level 2.1 Evocations


You had 12 spell levels left.
You knew the following spells:

 Your Spells              Type           Power      Damage    Failure   Level
a - Magic Dart            Conj           100%       1d8       1%          1
b - Searing Ray           Conj           66%        2d6       1%          2

Your spell library contained the following spells:

 Spells                   Type           Power      Damage    Failure   Level
 Shock                    Conj/Air       88%        1d8       2%          1
 Dazzling Flash           Conj/Hex       44%        N/A       9%          3
 Mephitic Cloud           Conj/Pois/Air  18%        N/A       12%         3
 Call Imp                 Summ           11%        N/A       13%         2
 Swiftness                Air            11%        N/A       26%         3
 Fulminant Prism          Conj/Hex       11%        3d9       26%         4
 Iskenderun's Mystic Bla  Conj/Tloc      22%        2d6       26%         4
 Airstrike                Air            5%         0-3+      65%         4


Dungeon Overview and Level Annotations

Branches:
Dungeon (4/15)
 Temple: D:4-7

Altars:


Innate Abilities, Weirdness & Mutations

You have very sharp teeth.
Your uncanny sense of smell can sniff out nearby items.
Your experience applies equally to all skills.


Message History

The orc wizard gestures wildly while chanting.
The orc wizard flickers and vanishes!
Deactivating autopickup; reactivate with Ctrl-A.
You see here a black bear corpse.
You feel much better.
The orc warrior hits you but does no damage.
Casting: Searing Ray (safe; 1% risk of failure)
Confirm with . or Enter, or press ? or * to list all spells.
Aiming: Searing Ray (safe; 1% risk of failure)
Press: ? - help, Shift-Dir - straight line, f - orc warrior
Aim: an orc warrior, wielding a +0 hand axe and wearing a +0 plate armour (lightly wounded, 81% to hit)
The searing ray hits the orc warrior but does no damage.
The orc warrior is lightly wounded. (Press . to maintain the ray.)
You hit the orc warrior but do no damage.
The orc warrior is lightly wounded.
The orc warrior hits you with a +0 hand axe!
You hit the orc warrior but do no damage.
You bite the orc warrior.
The orc warrior is lightly wounded.
The orc warrior barely misses you. The orc warrior completely misses you.
A puff of flame appears from out of thin air!
The puff of flame misses you.
Okay, then.
The orc warrior attacks as you move away!
The orc warrior hits you with a +0 hand axe.
The orc warrior attacks as you move away!
The orc warrior hits you with a +0 hand axe!!
* * * LOW HITPOINT WARNING * * *
There is a stone staircase leading up here.
You climb upwards.
Reactivating autopickup.
There is a stone staircase leading down here.
The orc warrior attacks as you move away!
The orc warrior barely misses you.
You open the door. The orc warrior completely misses you.
There is an open door here.
The orc warrior attacks as you move away!
The orc warrior hits you with a +0 hand axe!
You die...

...#######.##
#####.##### ##.# #.#
####.....# #.# #.#
#........# #.# ##'##
#.....)..# #.# ##...##
#........# ##.#
##.....## ##.#.<...#
.#.# ##.......##
#..######
...###.........####>>.##
.....'>........o@......#
...###.........####...##
.#.# ##.......## #..##
##.# ##.....## #.## #.#
##...## #.# ##.# ##'##
#.#### ...# #.# #....#
#### #.# ####.# #####
##.## #.#


You could see an orc warrior.

Vanquished Creatures
  A black bear (D:4)
  Crazy Yiuf (D:2)
  A jelly (D:2)
  Terence (D:2)
  Jessica (D:2)
  An orc wizard (D:4)
  3 gnolls (D:3)
  A worm (D:2)
  2 dart slugs (D:1)
  3 orcs
  5 endoplasms
  A giant cockroach (D:3)
  6 goblins
  4 hobgoblins
  4 jackals (D:3)
  3 quokkas
  6 ball pythons
  5 bats
  2 frilled lizards (D:1)
  4 kobolds
  2 rats (D:1)
57 creatures vanquished.

Notes
Turn   | Place    | Note
-------+----------+-------------------------------------------
     0 | D:1      | lesbiats the Gnoll Conjurer began the quest for the Orb.
     0 | D:1      | Reached XP level 1. HP: 13/13 MP: 6/6
   281 | D:1      | Reached XP level 2. HP: 19/19 MP: 5/7
   503 | D:1      | Learned a level 2 spell: Searing Ray
  1303 | D:2      | Found a runed translucent door.
  1304 | D:2      | Noticed Crazy Yiuf
  1427 | D:2      | Noticed Terence
  1443 | D:2      | Killed Terence
  1444 | D:2      | Reached skill level 1 in Fighting
  1444 | D:2      | Reached skill level 1 in Short Blades
  1444 | D:2      | Reached skill level 1 in Long Blades
  1444 | D:2      | Reached skill level 1 in Axes
  1444 | D:2      | Reached skill level 1 in Maces & Flails
  1444 | D:2      | Reached skill level 1 in Polearms
  1444 | D:2      | Reached skill level 1 in Staves
  1444 | D:2      | Reached skill level 1 in Ranged Weapons
  1444 | D:2      | Reached skill level 1 in Throwing
  1444 | D:2      | Reached skill level 1 in Armour
  1444 | D:2      | Reached skill level 1 in Shields
  1444 | D:2      | Reached skill level 1 in Unarmed Combat
  1444 | D:2      | Reached skill level 5 in Spellcasting
  1444 | D:2      | Reached skill level 1 in Invocations
  1444 | D:2      | Reached skill level 1 in Evocations
  1444 | D:2      | Reached XP level 3. HP: 10/26 MP: 2/9
  1862 | D:2      | Noticed Jessica
  1869 | D:2      | Killed Jessica
  1870 | D:2      | Reached XP level 4. HP: 32/32 MP: 9/11
  1950 | D:2      | Reached skill level 1 in Hexes
  1950 | D:2      | Reached skill level 1 in Summonings
  1950 | D:2      | Reached skill level 1 in Necromancy
  1950 | D:2      | Reached skill level 1 in Translocations
  1950 | D:2      | Reached skill level 1 in Transmutations
  1950 | D:2      | Reached skill level 1 in Fire Magic
  1950 | D:2      | Reached skill level 1 in Ice Magic
  1950 | D:2      | Reached skill level 1 in Air Magic
  1950 | D:2      | Reached skill level 1 in Earth Magic
  1950 | D:2      | Reached skill level 1 in Poison Magic
  2708 | D:2      | Killed Crazy Yiuf
  2709 | D:2      | Reached XP level 5. HP: 37/37 MP: 7/12
  2986 | D:3      | Found a faded altar of an unknown god.
  4176 | D:4      | Noticed a black bear
  4180 | D:4      | Killed a black bear
  4181 | D:4      | Reached skill level 5 in Dodging
  4181 | D:4      | Reached XP level 6. HP: 44/44 MP: 10/14
  4184 | D:4      | Noticed an orc warrior
  4217 | D:3      | Slain by an orc warrior

Illustrated notes

Levels and vault maps discovered:
D:1:      minmay_arrival_wavy_path, layout_basic, serial_glass, glass_columns_a,
          glass_columns_a, glass_columns_b, glass_columns_a, glass_columns_a,
          glass_columns_b, glass_columns_a, glass_columns_b, glass_columns_a,
          glass_columns_b, glass_columns_c, glass_columns_c, glass_columns_c,
          glass_columns_b
D:2:      layout_basic, uniq_jessica, uniq_terence, uniq_crazy_yiuf_cottage
D:3:      layout_loops_corners, ebering_ecumenical_altar_petrified,
          chequers_serial_rivers_micro_c, chequers_avenue
D:4:      layout_basic

Skill      XL: |  1  2  3  4  5 |
---------------+----------------+-----
Fighting       | 1 2 |  2.1
Short Blades   | 1 2 |  2.1
Long Blades    | 1 2 |  2.1
Axes           | 1 2 |  2.1
Maces & Flails | 1 2 |  2.1
Polearms       | 1 2 |  2.1
Staves         | 1 2 |  2.1
Ranged Weapons | 1 2 |  2.1
Throwing       | 1 2 |  2.1
Armour         | 1 2 |  2.1
Shields        | 1 2 |  2.1
Unarmed Combat | 1 2 |  2.1
Spellcasting   | 5 |  5.4
Invocations    | 1 2 |  2.3
Evocations     | 1 2 |  2.1
Hexes          | 1 |  1.6
Summonings     | 1 |  1.6
Necromancy     | 1 |  1.6
Translocations | 1 |  1.6
Transmutations | 1 |  1.6
Fire Magic     | 1 |  1.6
Ice Magic      | 1 |  1.6
Air Magic      | 1 |  1.6
Earth Magic    | 1 |  1.6
Poison Magic   | 1 |  1.6
Dodging        | 5 |  5.0
Stealth        | |  4.6
Conjurations   | |  7.3

Action                   |  1- 3 |  4- 6 || total
-------------------------+-------+-------++-------
Melee: Spear             |     3 |    10 ||    13
       Unarmed           |     1 |       ||     1
       Bite              |       |     2 ||     2
       Quarterstaff      |       |    12 ||    12
 Cast: Magic Dart        |    30 |    34 ||    64
       Searing Ray       |     3 |     9 ||    12
Evoke: Wand              |       |     1 ||     1
  Use: Potion            |       |     1 ||     1
 Stab: Sleeping          |     2 |     1 ||     3
Armor: Robe              |     1 |     1 ||     2
       Leather armour    |       |     5 ||     5
Dodge: Dodged            |     9 |    19 ||    28

Table legend: (Time is in decaauts)
 A = Elapsed time spent in this place.
 B = Non-inter-level travel time spent in this place.
 C = Inter-level travel time spent in this place.
 D = Time resting spent in this place.
 E = Time spent auto-exploring this place.
 F = Levels seen in this place.
 G = Mean time per level.
                   A        B        C        D        E       F      G
               +--------+--------+--------+--------+--------+-----+--------+
         Total |   4218 |   4087 |    131 |   1098 |   2521 |   4 | 1054.5 |
       Dungeon |   4218 |   4087 |    131 |   1098 |   2521 |   4 | 1054.5 |
               +--------+--------+--------+--------+--------+-----+--------+

Top non-repeatable levels by time:
     D:2: 1522 daAuts
     D:1: 1252 daAuts
     D:3: 1244 daAuts
     D:4: 198 daAuts
